| TOP OF THE 1ST |
|
Miami Marlins batting - Pitching for Atlanta Braves : RHP Victor Torres
|
|
Pitching: RHP Victor Torres
|
|
|
Batting: RHB Jeff Garofalo
|
0-0: Ball 1-0: Ground out 5-3 (Groundball, 56, EV 83.1 MPH)
|
|
Batting: RHB Micah Christopher
|
0-0: Called Strike 0-1: Ball 1-1: Ball 2-1: Called Strike 2-2: Foul Ball, location: 2F 2-2: Ball 3-2: Foul Ball, location: 2F 3-2: DOUBLE (Flyball, 89D, EV 87.5 MPH)
|
|
Pinch Runner at 2nd Tommy Hughes:
|
|
|
Batting: LHB Andre Gorter
|
0-0: Ground out 4-3 (Groundball, 4, EV 104.4 MPH) Tommy Hughes to third
|
|
Batting: RHB Mark Barger
|
0-0: Ground out 6-3 (Groundball, 6, EV 89.4 MPH)
|
| Top of the 1st over - 0 runs, 1 hit, 0 errors, 1 left on base; Miami 0 - Atlanta 0 |
| BOTTOM OF THE 1ST |
|
Atlanta Braves batting - Pitching for Miami Marlins : LHP Dan Tapley
|
|
Pitching: LHP Dan Tapley
|
|
|
Now at 1B: Justin Huff
|
|
|
Now at 2B: Tommy Hughes
|
|
|
Batting: RHB Liangde Li
|
0-0: Foul Ball, location: 2F 0-1: Foul Ball, location: 2F 0-2: Ball 1-2: SINGLE (Groundball, 56S, EV 65.6 MPH) (infield hit)
|
|
Batting: LHB Xavier Pittman
|
0-0: Ball Liangde Li steals 2nd base 1-0: Fly out, F7 (Flyball, 7, EV 84.4 MPH)
|
|
Batting: RHB Butch Kaiser
|
0-0: Ball Liangde Li steals 3rd base 1-0: Foul Ball, location: 2F 1-1: Ground out 5-3 (Groundball, 56, EV 78.1 MPH) Liangde Li scores
|
|
Batting: SHB Ken Welch
|
0-0: Ball 1-0: Ground out 5-3 (Groundball, 56S, EV 68.1 MPH)
|
| Bottom of the 1st over - 1 run, 1 hit, 0 errors, 0 left on base; Miami 0 - Atlanta 1 |
| TOP OF THE 2ND |
|
Miami Marlins batting - Pitching for Atlanta Braves : RHP Victor Torres
|
|
Batting: RHB Steve Barnard
|
0-0: Called Strike 0-1: Ball 1-1: Ball 2-1: Ball 3-1: SINGLE (Groundball, 6MD, EV 101.9 MPH)
|
|
Batting: RHB Roger Salazar
|
0-0: Swinging Strike 0-1: Called Strike 0-2: Ball 1-2: Strikes out swinging
|
|
Batting: RHB Justin Huff
|
0-0: Ball 1-0: Called Strike 1-1: Foul Ball, location: 2F 1-2: Fly out, F8 (Flyball, 8LXD, EV 98.1 MPH)
|
|
Batting: RHB Seth Tramontano
|
0-0: Fielders Choice at 2nd, 6-4 (Groundball, 6, EV 91.9 MPH)
|
| Top of the 2nd over - 0 runs, 1 hit, 0 errors, 1 left on base; Miami 0 - Atlanta 1 |
| BOTTOM OF THE 2ND |
|
Atlanta Braves batting - Pitching for Miami Marlins : LHP Dan Tapley
|
|
Batting: RHB John Creel
|
0-0: Called Strike 0-1: Called Strike 0-2: Foul Ball, location: 2F 0-2: Ground out 6-3 (Groundball, 6, EV 104.4 MPH)
|
|
Batting: RHB Jim Zucco
|
0-0: Called Strike 0-1: Ball 1-1: Foul Ball, location: 2F 1-2: Fly out, F5 (Flyball, 5D, EV 91.9 MPH)
|
|
Batting: RHB Ray Llewellyn
|
0-0: Called Strike 0-1: Ball 1-1: Foul Ball, location: 2F 1-2: Ball 2-2: Fly out, F6 (Popup, 6MD, EV 50.0 MPH)
|
| Bottom of the 2nd over - 0 runs, 0 hits, 0 errors, 0 left on base; Miami 0 - Atlanta 1 |
| TOP OF THE 3RD |
|
Miami Marlins batting - Pitching for Atlanta Braves : RHP Victor Torres
|
|
Batting: LHB Luis Aguilar
|
0-0: SINGLE (Groundball, 34D, EV 110.6 MPH)
|
|
Batting: RHB Jeff Garofalo
|
0-0: Ball 1-0: Ball 2-0: Called Strike 2-1: Ball 3-1: Called Strike 3-2: Strikes out swinging
|
|
Batting: RHB Tommy Hughes
|
0-0: Ball 1-0: Foul Ball, location: 2F 1-1: Ball 2-1: Ball 3-1: Fly out, F6 (Line Drive, 6, EV 71.2 MPH)
|
|
Batting: LHB Andre Gorter
|
0-0: Called Strike 0-1: Foul Ball, location: 2F 0-2: Strikes out looking
|
| Top of the 3rd over - 0 runs, 1 hit, 0 errors, 1 left on base; Miami 0 - Atlanta 1 |
| BOTTOM OF THE 3RD |
|
Atlanta Braves batting - Pitching for Miami Marlins : LHP Dan Tapley
|
|
Batting: LHB Colin Worthington
|
0-0: Ball 1-0: Foul Ball, location: 2F 1-1: SINGLE (Groundball, 34D, EV 90.0 MPH) (infield hit)
|
|
Batting: RHB Danny Anderson
|
0-0: Foul Ball, location: 2F 0-1: Ball 1-1: Ground out 4-3 (Groundball, 4S, EV 70.0 MPH) Colin Worthington to second
|
|
Batting: RHB Liangde Li
|
0-0: Foul Ball, location: 2F 0-1: Ball 1-1: Ball 2-1: Called Strike 2-2: Ground out 4-3 (Groundball, 4, EV 97.5 MPH) Colin Worthington to third
|
|
Batting: LHB Xavier Pittman
|
0-0: Ball 1-0: Called Strike 1-1: Foul Ball, location: 2F 1-2: Ball 2-2: Ball 3-2: Foul Ball, location: 2F 3-2: Base on Balls
|
|
Batting: RHB Butch Kaiser
|
0-0: Called Strike 0-1: Ball 1-1: Ball 2-1: Ground out U3 (Groundball, 3L, EV 90.0 MPH)
|
| Bottom of the 3rd over - 0 runs, 1 hit, 0 errors, 2 left on base; Miami 0 - Atlanta 1 |
| TOP OF THE 4TH |
|
Miami Marlins batting - Pitching for Atlanta Braves : RHP Victor Torres
|
|
Batting: RHB Mark Barger
|
0-0: Called Strike 0-1: Ball 1-1: Ball 2-1: Ball 3-1: Foul Ball, location: 2F 3-2: Ground out 5-3 (Groundball, 56, EV 101.2 MPH)
|
|
Batting: RHB Steve Barnard
|
0-0: Ball 1-0: Foul Ball, location: 2F 1-1: SINGLE (Line Drive, 4D, EV 95.6 MPH)
|
|
Batting: RHB Roger Salazar
|
0-0: Fielders Choice at 2nd, 2-4 (Groundball, 15S, EV 73.8 MPH)
|
|
Batting: RHB Justin Huff
|
0-0: Ball 1-0: Fielders Choice at 2nd, 5-4 (Groundball, 5, EV 100.0 MPH)
|
| Top of the 4th over - 0 runs, 1 hit, 0 errors, 1 left on base; Miami 0 - Atlanta 1 |
| BOTTOM OF THE 4TH |
|
Atlanta Braves batting - Pitching for Miami Marlins : LHP Dan Tapley
|
|
Batting: SHB Ken Welch
|
0-0: Called Strike 0-1: Foul Ball, location: 2F 0-2: Foul Ball, location: 2F 0-2: Foul Ball, location: 2F 0-2: Ball 1-2: Foul Ball, location: 2F 1-2: Strikes out swinging
|
|
Batting: RHB John Creel
|
0-0: Ball 1-0: Foul Ball, location: 2F 1-1: Foul Ball, location: 2F 1-2: Strikes out swinging
|
|
Batting: RHB Jim Zucco
|
0-0: Ball 1-0: Ball 2-0: Fly out, F8 (Flyball, 8LM, EV 90.6 MPH)
|
| Bottom of the 4th over - 0 runs, 0 hits, 0 errors, 0 left on base; Miami 0 - Atlanta 1 |
| TOP OF THE 5TH |
|
Miami Marlins batting - Pitching for Atlanta Braves : RHP Victor Torres
|
|
Batting: RHB Seth Tramontano
|
0-0: Called Strike 0-1: Fly out, F9 (Flyball, 89S, EV 91.2 MPH)
|
|
Batting: LHB Luis Aguilar
|
0-0: Called Strike 0-1: Ground out 5-3 (Groundball, 56, EV 97.5 MPH)
|
|
Batting: RHB Jeff Garofalo
|
0-0: Ball 1-0: Called Strike 1-1: Called Strike 1-2: Strikes out looking
|
| Top of the 5th over - 0 runs, 0 hits, 0 errors, 0 left on base; Miami 0 - Atlanta 1 |
| BOTTOM OF THE 5TH |
|
Atlanta Braves batting - Pitching for Miami Marlins : LHP Dan Tapley
|
|
Batting: RHB Ray Llewellyn
|
0-0: Ball 1-0: Ball 2-0: Ball 3-0: Foul Ball, location: 2F 3-1: Foul Ball, location: 2F 3-2: Foul Ball, location: 2F 3-2: Foul Ball, location: 2F 3-2: Ground out 5-3 (Groundball, 5S, EV 90.0 MPH)
|
|
Batting: LHB Colin Worthington
|
0-0: Ball 1-0: Ground out 3-1 (Groundball, 13, EV 84.4 MPH)
|
|
Batting: RHB Danny Anderson
|
0-0: Swinging Strike 0-1: Ball 1-1: Foul Ball, location: 2F 1-2: Ball 2-2: Foul Ball, location: 2F 2-2: Ball 3-2: Foul Ball, location: 2F 3-2: Foul Ball, location: 2F 3-2: Base on Balls
|
|
Batting: RHB Liangde Li
|
0-0: Called Strike 0-1: Foul Ball, location: 2F 0-2: Ground out 4-3 (Groundball, 34D, EV 105.0 MPH)
|
| Bottom of the 5th over - 0 runs, 0 hits, 0 errors, 1 left on base; Miami 0 - Atlanta 1 |
| TOP OF THE 6TH |
|
Miami Marlins batting - Pitching for Atlanta Braves : RHP Victor Torres
|
|
Batting: RHB Tommy Hughes
|
0-0: Ball 1-0: Ball 2-0: Called Strike 2-1: Ball 3-1: SINGLE (Groundball, 34D, EV 105.6 MPH)
|
|
Batting: LHB Andre Gorter
|
0-0: Ball 1-0: Ball 2-0: Ground out 6-3 (Groundball, 6MS, EV 63.8 MPH) Tommy Hughes to second
|
|
Batting: RHB Mark Barger
|
0-0: Ball 1-0: Ball 2-0: Ground out 3-1 (Groundball, 34, EV 79.4 MPH) Tommy Hughes to third
|
|
Batting: RHB Steve Barnard
|
0-0: Ball 1-0: Called Strike 1-1: Foul Ball, location: 2F 1-2: Strikes out swinging
|
| Top of the 6th over - 0 runs, 1 hit, 0 errors, 1 left on base; Miami 0 - Atlanta 1 |
| BOTTOM OF THE 6TH |
|
Atlanta Braves batting - Pitching for Miami Marlins : LHP Dan Tapley
|
|
Batting: LHB Xavier Pittman
|
0-0: Called Strike 0-1: Called Strike 0-2: Ball 1-2: SINGLE (Groundball, 4MD, EV 101.2 MPH)
|
|
Batting: RHB Butch Kaiser
|
0-0: Called Strike 0-1: SINGLE (Line Drive, 8RS, EV 91.2 MPH) Xavier Pittman to second Runner from 2nd tries for 3rd, OUT! 8-5
|
|
Batting: SHB Ken Welch
|
0-0: Ball 1-0: Called Strike 1-1: Ball 2-1: Called Strike Pickoff Throw to First - Error! E1 Butch Kaiser to second 2-2: Fly out, F4 (Popup, 13, EV 78.8 MPH)
|
|
Batting: RHB John Creel
|
0-0: Swinging Strike 0-1: Called Strike 0-2: Strikes out swinging
|
| Bottom of the 6th over - 0 runs, 2 hits, 1 error, 1 left on base; Miami 0 - Atlanta 1 |
| TOP OF THE 7TH |
|
Miami Marlins batting - Pitching for Atlanta Braves : RHP Victor Torres
|
|
Batting: RHB Roger Salazar
|
0-0: Ball 1-0: Called Strike 1-1: Fly out, F4 (Flyball, 34D, EV 81.2 MPH)
|
|
Batting: RHB Justin Huff
|
0-0: Called Strike 0-1: Fly out, F9 (Flyball, 89S, EV 88.1 MPH)
|
|
Batting: RHB Seth Tramontano
|
0-0: SINGLE (Flyball, 34D, EV 87.5 MPH)
|
|
Batting: LHB Luis Aguilar
|
0-0: Ball 1-0: Called Strike 1-1: Swinging Strike 1-2: SINGLE (Groundball, 56D, EV 105.0 MPH) Seth Tramontano to second
|
|
Batting: RHB Jeff Garofalo
|
0-0: Called Strike 0-1: Foul Ball, location: 2F 0-2: Ground out 6-3 (Groundball, 6MS, EV 83.1 MPH)
|
| Top of the 7th over - 0 runs, 2 hits, 0 errors, 2 left on base; Miami 0 - Atlanta 1 |
| BOTTOM OF THE 7TH |
|
Atlanta Braves batting - Pitching for Miami Marlins : LHP Dan Tapley
|
|
Batting: RHB Jim Zucco
|
0-0: Ball 1-0: Ball 2-0: Ball 3-0: Ground out 4-3 (Groundball, 4, EV 86.9 MPH)
|
|
Pitching: RHP Ian Newman
|
|
|
Batting: RHB Ray Llewellyn
|
0-0: Ball 1-0: Ball 2-0: Ball 3-0: Base on Balls
|
|
Batting: LHB Colin Worthington
|
0-0: Ball 1-0: Ball 2-0: Called Strike 2-1: Fly out, F9 (Flyball, 9LM, EV 85.6 MPH)
|
|
Batting: RHB Danny Anderson
|
0-0: Called Strike Ray Llewellyn steals 2nd base 0-1: Ball 1-1: Ball 2-1: Ball 3-1: Base on Balls
|
|
Batting: RHB Liangde Li
|
0-0: Called Strike 0-1: Foul Ball, location: 2F 0-2: Foul Ball, location: 2F 0-2: SINGLE (Groundball, 56S, EV 73.1 MPH) (infield hit) Ray Llewellyn to third Danny Anderson to second
|
|
Batting: LHB Xavier Pittman
|
0-0: Called Strike 0-1: Ball 1-1: Ball 2-1: Called Strike 2-2: SINGLE (Groundball, 6MD, EV 103.1 MPH) Ray Llewellyn scores Danny Anderson to third Liangde Li to second Runner from 3rd tries for Home, SAFE, throw by CF to home
|
|
Batting: RHB Butch Kaiser
|
0-0: Foul Ball, location: 2F 0-1: Called Strike 0-2: Ball 1-2: Fielders Choice at 2nd, 6-4 (Groundball, 6MD, EV 81.2 MPH)
|
| Bottom of the 7th over - 2 runs, 2 hits, 0 errors, 2 left on base; Miami 0 - Atlanta 3 |
| TOP OF THE 8TH |
|
Miami Marlins batting - Pitching for Atlanta Braves : RHP Victor Torres
|
|
Batting: RHB Tommy Hughes
|
0-0: Ball 1-0: Ground out 6-3 (Groundball, 56, EV 104.4 MPH)
|
|
Batting: LHB Andre Gorter
|
0-0: Called Strike 0-1: Ball 1-1: Ball 2-1: Ball 3-1: Called Strike 3-2: Base on Balls
|
|
Batting: RHB Mark Barger
|
0-0: Ball 1-0: Ball 2-0: Fielders Choice at 2nd, 5-4 (Groundball, 5, EV 104.4 MPH)
|
|
Batting: RHB Steve Barnard
|
0-0: Ball 1-0: Foul Ball, location: 2F 1-1: Ball 2-1: Fly out, F4 (Line Drive, 4, EV 64.4 MPH)
|
| Top of the 8th over - 0 runs, 0 hits, 0 errors, 1 left on base; Miami 0 - Atlanta 3 |
| BOTTOM OF THE 8TH |
|
Atlanta Braves batting - Pitching for Miami Marlins : RHP Ian Newman
|
|
Pitching: RHP Julio Espinel
|
|
|
Batting: SHB Ken Welch
|
0-0: Called Strike 0-1: Called Strike 0-2: Ground out 6-3 (Groundball, 6M, EV 78.1 MPH)
|
|
Batting: RHB John Creel
|
0-0: Called Strike 0-1: Foul Ball, location: 2F 0-2: Ball 1-2: Ground out U3 (Groundball, 23, EV 86.9 MPH)
|
|
Batting: RHB Jim Zucco
|
0-0: Ball 1-0: Ball 2-0: Called Strike 2-1: Ball 3-1: Fly out, F9 (Flyball, 9LS, EV 86.9 MPH)
|
| Bottom of the 8th over - 0 runs, 0 hits, 0 errors, 0 left on base; Miami 0 - Atlanta 3 |
| TOP OF THE 9TH |
|
Miami Marlins batting - Pitching for Atlanta Braves : RHP Victor Torres
|
|
Pitching: RHP Mike Aguilar
|
|
|
Batting: RHB Roger Salazar
|
0-0: Ball 1-0: Fly out, F8 (Flyball, 8RD, EV 100.0 MPH)
|
|
Batting: RHB Justin Huff
|
0-0: Called Strike 0-1: Foul Ball, location: 2F 0-2: Foul Ball, location: 2F 0-2: Fly out, F8 (Flyball, 8LD, EV 93.8 MPH)
|
|
Batting: RHB Seth Tramontano
|
0-0: Ball 1-0: Foul Ball, location: 2F 1-1: Foul Ball, location: 2F 1-2: DOUBLE (Groundball, 3L, EV 99.4 MPH)
|
|
Batting: LHB Luis Aguilar
|
0-0: Foul Ball, location: 2F 0-1: SINGLE (Groundball, 4, EV 100.0 MPH) Seth Tramontano to third
|
|
Batting: RHB Jeff Garofalo
|
0-0: Called Strike 0-1: Ball 1-1: Swinging Strike 1-2: Ball 2-2: Strikes out swinging
|
| Top of the 9th over - 0 runs, 2 hits, 0 errors, 2 left on base; Miami 0 - Atlanta 3 |
|